 Dungeon Crawl Stone Soup version 0.24.0-125-gc4c63601f3 (webtiles) character file.

Game seed: 12809644790324372606, levelgen mode: deterministic

26 Johnny the Digger (level 2, -4/20 HPs)
             Began as a Demigod Earth Elementalist on Mar 9, 2020.
             Slain by a gnoll
             ... wielding a +0 club
              (8 damage)
             ... on level 2 of the Dungeon.
             The game lasted 00:00:56 (997 turns).

Johnny the Digger (Demigod Earth Elementalist)       Turns: 997, Time: 00:00:57

Health: -4/20      AC:  6    Str: 11    XL:     2   Next: 69%
Magic:  4/7        EV: 11    Int: 19    God:
Gold:   35         SH:  0    Dex: 16    Spells: 4/5 levels left

rFire    . . .     SeeInvis .   n - +0 short sword
rCold    . . .     Gourm    .   (no shield)
rNeg     . . .     Faith    .   h - +0 ring mail (curse)
rPois    .         Spirit   .   q - +0 helmet
rElec    .         Reflect  .   (no cloak)
rCorr    .         Harm     .   (no gloves)
MR       .....                  (no boots)
Stlth    +.........             t - amulet of rage
HPRegen  0.06/turn              r - +2 ring of slaying
MPRegen  0.10/turn              (no ring)

@: no status effects
A: high mp 1
a: Evoke Berserk Rage


You were on level 2 of the Dungeon.
You were not hungry.

You visited 1 branch of the dungeon, and saw 2 of its levels.

You collected 35 gold pieces.

Inventory:

Hand Weapons
 n - a +0 short sword (weapon)
Missiles
 b - 29 stones (quivered)
Armour
 c - a +0 robe
 h - a cursed +0 ring mail (worn)
 q - a +0 helmet (worn)
Jewellery
 r - a +2 ring of slaying (left hand)
 t - an amulet of rage (around neck)
Scrolls
 a - a scroll of magic mapping {unknown}
 g - 2 scrolls of remove curse {unknown}
 i - a scroll of identify {unknown}
 j - a scroll of fear {unknown}
 k - 3 scrolls of teleportation {unknown}
 m - a scroll of blinking {unknown}
 p - a scroll of enchant armour {unknown}
Potions
 e - 3 potions of haste {unknown}
 f - a potion of flight {unknown}
 l - a potion of magic {unknown}
 o - a potion of invisibility {unknown}
Comestibles
 d - 4 rations
 s - 3 chunks of flesh


   Skills:
 - Level 1.7 Dodging
 - Level 1.7 Stealth
 + Level 2.4 Spellcasting
   Level 0.8 Transmutations
 + Level 3.2 Earth Magic


You had 4 spell levels left.
You knew the following spells:

 Your Spells              Type           Power        Failure   Level  Hunger
a - Sandblast             Erth           ##....       11%         1    #......

Your spell library contained the following spells:

 Spells                   Type           Power        Failure   Level  Hunger
 Passwall                 Tmut/Erth      ##......     26%         2    ##.....
 Stone Arrow              Conj/Erth      #.....       52%         3    ###....
 Petrify                  Tmut/Erth      ##......     86%         4    #####..
 Lee's Rapid Deconstruct  Erth           ##........   96%         5    ######.


Dungeon Overview and Level Annotations

Branches:
Dungeon (2/15)


Innate Abilities, Weirdness & Mutations

You have an increased reservoir of magic. (+10% MP)


Message History

Casting: Sandblast (safe; 11% risk of failure)
Confirm with . or Enter, or press ? or * to list all spells.
Aiming: Sandblast (safe; 11% risk of failure)
Press: ? - help, Shift-Dir - straight line, f - gnoll
Aim: a gnoll, wielding a +0 club The blast of sand hits the gnoll.
The gnoll is heavily wounded.
b - 30 stones The gnoll hits you with a +0 club.
* * * LOW HITPOINT WARNING * * *
Casting: Sandblast (safe; 11% risk of failure)
Confirm with . or Enter, or press ? or * to list all spells.
Aiming: Sandblast (safe; 11% risk of failure)
Press: ? - help, Shift-Dir - straight line, f/p - gnoll
Aim: a gnoll, wielding a +0 club (heavily wounded)
The blast of sand hits the gnoll.
The gnoll is heavily wounded.
b - 29 stones The gnoll hits you with a +0 club!
You die...

..##)############
..##รท...<........
..........############
....................>.
..###########...####
..# ###.# # ..# #.# .#
..# #>######.# ..#
#.@gggg..# ###
######...# #...#
..#.... #.####...# #.
..? .. ## .. ...


You could see 4 gnolls.

Vanquished Creatures
  A dart slug (D:1)
  A leopard gecko (D:1)
  2 bats (D:1)
  A giant cockroach (D:1)
  A goblin (D:1)
  5 hobgoblins
  3 jackals (D:2)
  A frilled lizard (D:1)
  4 kobolds
  A rat (D:2)
20 creatures vanquished.

Notes
Turn   | Place    | Note
-------+----------+-------------------------------------------
     0 | D:1      | Johnny the Demigod Earth Elementalist began the quest for
                  | the Orb.
     0 | D:1      | Reached XP level 1. HP: 14/14 MP: 5/5
   482 | D:1      | Reached skill level 3 in Earth Magic
   571 | D:1      | Reached XP level 2. HP: 16/20 MP: 7/7
   997 | D:2      | Slain by a gnoll

Levels and vault maps discovered:
D:1:      dpeg_arrival_chambers_temple_mockup, layout_basic
D:2:      layout_rooms, lemuel_coloured_pillars_altar,
          kennysheep_vampire_church, chequers_temple_overflow_statue_of_worship

Skill      XL: |  1 |
---------------+----+-----
Spellcasting   | 2 |  2.4
Earth Magic    | 3 |  3.2
Dodging        | |  1.7
Stealth        | |  1.7
Transmutations | |  0.8

Action                   || total
-------------------------++-------
Melee: Unarmed           ||    42
       Short sword       ||    33
 Cast: Sandblast         ||    13
 Stab: Sleeping          ||     1
Armor: Ring mail         ||    34
Dodge: Dodged            ||    76
